 Dungeon Crawl Stone Soup version 0.29-a0-876-gfc89b1a5bd (webtiles) character file.

Game seed: 12542457712183316475

6638 raph the Jinx (level 10, -1/61 HPs)
             Began as a Deep Elf Earth Elementalist on July 19, 2022.
             Was a Believer of Kikubaaqudgha.
             Shot with an arrow by a centaur warrior (9 damage)
             ... on level 8 of the Dungeon.
             The game lasted 00:18:29 (9529 turns).

raph the Jinx (Deep Elf Earth Elementalist)         Turns: 9529, Time: 00:18:30

Health: -1/61      AC:  8    Str:  5    XL:     10   Next: 72%
Magic:  10/22      EV: 18    Int: 25    God:    Kikubaaqudgha [**....]
Gold:   298        SH:  0    Dex: 24    Spells: 1/22 levels left

rFire   . . .      SeeInvis .   a - +4 quarterstaff (spect)
rCold   + . .      Faith    .   (shield currently unavailable)
rNeg    . . .      Spirit   .   u - +0 robe of Put Reta {Dex+6 Archmagi}
rPois   .          Reflect  .   (no helmet)
rElec   .          Harm     .   f - +2 cloak
rCorr   .          Rampage  .   x - +1 pair of gloves {Dex+3}
Will    ++...      Archmagi +   p - +0 pair of boots
Stlth   ++++......              (no amulet)
HPRegen 0.20/turn               r - ring of protection from cold
MPRegen 0.18/turn               m - ring of willpower

@: mighty, hasted, very quick
A: no striking features
a: Renounce Religion, Unearth Wretches


You were on level 8 of the Dungeon.
You worshipped Kikubaaqudgha.
Kikubaaqudgha was pleased with you.
You visited 2 branches of the dungeon, and saw 9 of its levels.

You collected 512 gold pieces.
You spent 214 gold pieces at shops.

Inventory:

Hand Weapons
 a - a +4 spectral quarterstaff (weapon)
 b - a +0 shortbow
 c - a +0 dagger
 h - a +0 quarterstaff
Missiles
 i - 23 poisoned darts
 y - a throwing net
Armour
 f - a +2 cloak (worn)
 n - a +0 pair of gloves
 o - a +1 robe
 p - a +0 pair of boots (worn)
 u - the +0 robe of Put Reta (worn) {Dex+6 Archmagi}
   (You found it on level 5 of the Dungeon)

   Dex:       It affects your dexterity (+6).
   Archmagi:  It increases the power of your magical spells.
 x - a +1 pair of gloves of dexterity (worn)
Jewellery
 m - a ring of willpower (right hand)
 r - a ring of protection from cold (left hand)
 t - a ring of fire
 D - a ring of willpower
Wands
 k - a wand of digging (4)
 A - a wand of flame (24)
Scrolls
 q - 5 scrolls of teleportation
 B - 2 scrolls of poison
 C - 3 scrolls of magic mapping
Potions
 d - a potion of degeneration
 e - 5 potions of might
 g - 9 potions of curing
 j - a potion of resistance
 l - 4 potions of attraction
 s - a potion of haste
 v - 2 potions of magic
 w - a potion of flight
 z - 2 potions of mutation


   Skills:
 * Level 6.8 Fighting
 + Level 0.6 Staves
 + Level 7.9 Dodging
 + Level 8.4 Stealth
 + Level 6.8 Spellcasting
 * Level 10.4 Hexes
 + Level 1.0 Summonings
 * Level 4.3 Necromancy
 - Level 1.1 Transmutations
 - Level 9.0 Earth Magic


You had one spell level left.
You knew the following spells:

 Your Spells              Type           Power      Damage    Failure   Level
a - Sandblast             Erth           100%       2d20      1%          1
b - Passwall              Tmut/Erth      41%        N/A       1%          2
c - Stone Arrow           Conj/Erth      92%        3d12      3%          3
d - Inner Flame           Hex/Fire       51%        N/A       2%          3
e - Cause Fear            Hex            37%        N/A       1%          4
f - Blink                 Tloc           24%        N/A       11%         2
g - Anguish               Hex/Necr       31%        N/A       3%          4
h - Call Imp              Summ           21%        N/A       7%          2

Your spell library contained the following spells:

 Spells                   Type           Power      Damage    Failure   Level
 Necrotise                Necr           100%       1d9       1%          1
 Magic Dart               Conj           48%        1d5       7%          1
 Sublimation of Blood     Necr           45%        N/A       1%          2
 Vampiric Draining        Necr           45%        2d9       3%          3
 Petrify                  Tmut/Erth      50%        N/A       9%          4
 Summon Mana Viper        Hex/Summ       54%        N/A       19%         5
 Lesser Beckoning         Tloc           12%        N/A       21%         3
 Mephitic Cloud           Conj/Pois/Air  12%        N/A       21%         3
 Summon Ice Beast         Ice/Summ       16%        N/A       47%         4
 Manifold Assault         Tloc           12%        N/A       88%         5
 Discord                  Hex            37%        N/A       99%         8
 Monstrous Menagerie      Summ           10%        N/A       100%        7


Dungeon Overview and Level Annotations

Branches:
Dungeon (8/15)             Temple (1/1) D:6
   Lair: D:8-11

Altars:
Ashenzari
Cheibriados
Dithmenos
Elyvilon
Fedhas
Gozag
Hepliaklqana
Kikubaaqudgha
Makhleb
Nemelex Xobeh
Okawaru
Qazlal
Ru
Sif Muna
Trog
Uskayaw
Vehumet
Wu Jian
Xom
The Shining One

Shops:
D:2 [

Annotations:
D:3 Grinder
D:7 2 transporters, DolGuldur's ghost, novice MeCA


Message History

Aim: a two-headed ogre, wielding a +0 giant club and a +0 dire flail (92% to hit)
You feel a surge of power!
The blast of sand hits the two-headed ogre!
The two-headed ogre is moderately wounded.
Aiming: Sandblast (safe; 1% risk of failure)
Press: ? - help, Q - select action, (/) - cycle Shift-Dir - straight line, f/p - two-headed ogre
Aim: a two-headed ogre, wielding a +0 giant club and a +0 dire flail (lightly wounded, 92% to hit)
You feel a surge of power!
The blast of sand hits the two-headed ogre!!
The two-headed ogre is severely wounded.
The two-headed ogre barely misses you. The two-headed ogre misses you.
The deep elf pyromancer casts a spell.
The deep elf pyromancer blinks!
Aiming: Sandblast (safe; 1% risk of failure)
Press: ? - help, Q - select action, (/) - cycle Shift-Dir - straight line, f/p - two-headed ogre
Aim: a two-headed ogre, wielding a +0 giant club and a +0 dire flail (severely wounded, 92% to hit)
You feel a surge of power!
The blast of sand hits the two-headed ogre!!
The two-headed ogre is almost dead.
Aiming: Sandblast (safe; 1% risk of failure)
Press: ? - help, Q - select action, (/) - cycle Shift-Dir - straight line, f/p - two-headed ogre
Aim: a two-headed ogre, wielding a +0 giant club and a +0 dire flail (almost dead, 92% to hit)
You feel a surge of power!
The blast of sand hits the two-headed ogre.
The two-headed ogre is almost dead.
The two-headed ogre closely misses you.
The two-headed ogre hits you with a +0 dire flail!
* * * LOW HITPOINT WARNING * * *
The deep elf pyromancer gestures wildly while chanting.
The deep elf pyromancer blinks!
Aiming: Sandblast (safe; 1% risk of failure)
Press: ? - help, Q - select action, (/) - cycle Shift-Dir - straight line, f/p - two-headed ogre
Aim: a two-headed ogre, wielding a +0 giant club and a +0 dire flail (almost dead, 92% to hit)
You feel a surge of power!
The blast of sand hits the two-headed ogre!!
You kill the two-headed ogre!
Kikubaaqudgha accepts your kill.
The centaur warrior shoots an arrow.
The arrow hits you!
You die...
Kikubaaqudgha rasps: "You have failed me!
Welcome... death!"

....... .......
....... ....... .....
...# .########...# .
#.....@...# .
.##..###)###..#
.###.#. ##....e# ...
## ..... ##oc..#..# .
(#####.####..#..##..#
##.#.)#..#..##..#
#..#
#..#.##..#.###(#..
..#
...)..........###..
... #..#.###.#....[#
### #.


You could see a centaur warrior and an orc warrior (anguished).

Vanquished Creatures
  A two-headed ogre (D:8)
  Pikel (D:7)
  Joseph (D:7)
  Sigmund (D:5)
  5 yaks (D:8)
  A steam dragon (D:8)
  Duvessa (D:5)
  4 water moccasins
  A sky beast (D:8)
  3 black bears
  An ice beast (D:4)
  4 ogres
  4 centaurs
  A phantom (D:5)
  2 kobold brigands (D:8)
  4 necrophages
  3 bullfrogs
  A gnoll sergeant (D:7)
  3 scorpions
  9 wights
  Dowan (D:5)
  A howler monkey (D:8)
  A jelly (D:7)
  A centaur zombie (D:6)
  A bullfrog zombie (D:6)
  6 hounds
  6 orc priests
  2 gnoll boudas (D:6)
  Jessica (D:3)
  6 iguanas
  12 orc wizards
  A howler monkey zombie (D:6)
  13 gnolls
  7 adders
  3 shadow imps
  4 ufetubi
  2 worms
  3 dart slugs
  26 orcs
  6 endoplasms
  7 giant cockroaches
  9 goblins
  9 hobgoblins
  A jackal (D:4)
  12 kobolds
  A quokka (D:1)
  9 ball pythons
  4 bats
  3 frilled lizards
  9 rats
218 creatures vanquished.

Vanquished Creatures (others)
  A yak (D:8)
  A kobold brigand (D:7)
  An orc wizard (D:8)
  A bush (D:6)
  11 fungi (D:8)
  15 plants
30 creatures vanquished.

Grand Total: 248 creatures vanquished

Notes
Turn   | Place    | Note
-------+----------+-------------------------------------------
     0 | D:1      | raph the Deep Elf Earth Elementalist began the quest for
                  | the Orb.
     0 | D:1      | Reached XP level 1. HP: 10/10 MP: 6/6
   106 | D:1      | Found a faded altar of an unknown god.
   110 | D:1      | Reached XP level 2. HP: 16/16 MP: 5/8
   386 | D:1      | Learned a level 2 spell: Passwall
   531 | D:2      | Reached XP level 3. HP: 20/20 MP: 7/9
   764 | D:2      | Reached skill level 1 in Fighting
   798 | D:2      | Learned a level 3 spell: Stone Arrow
   884 | D:2      | Found Deohoiprae's Armour Boutique.
  1003 | D:2      | You fall into a shaft and drop 2 floors!
  1020 | D:4      | Noticed a necrophage
  1032 | D:4      | Killed a necrophage
  1033 | D:4      | Reached XP level 4. HP: 18/25 MP: 4/12
  1161 | D:3      | Found a glowing golden altar of the Shining One.
  1163 | D:3      | Found a faded altar of an unknown god.
  1190 | D:4      | Reached XP level 5. HP: 29/29 MP: 10/13
  1318 | D:4      | Found a shadowy altar of Dithmenos.
  1539 | D:3      | Noticed Grinder
  1851 | D:3      | Noticed Jessica
  1854 | D:3      | Killed Jessica
  2291 | D:3      | Learned a level 3 spell: Inner Flame
  2318 | D:3      | Reached skill level 5 in Fighting
  2318 | D:3      | Reached skill level 7 in Hexes
  2318 | D:3      | Reached XP level 6. HP: 40/40 MP: 14/14
  2476 | D:3      | Learned a level 4 spell: Cause Fear
  2830 | D:4      | Reached XP level 7. HP: 44/44 MP: 11/15
  3056 | D:4      | Learned a level 2 spell: Blink
  3137 | D:5      | Entered Level 5 of the Dungeon
  3144 | D:4      | Reached skill level 8 in Hexes
  3251 | D:5      | Reached skill level 5 in Spellcasting
  3264 | D:5      | Found a white marble altar of Elyvilon.
  3289 | D:5      | Reached XP level 8. HP: 48/50 MP: 13/17
  3668 | D:5      | Noticed Sigmund
  3679 | D:5      | Killed Sigmund
  3696 | D:5      | Noticed Dowan
  3708 | D:5      | Killed Dowan
  3711 | D:5      | Noticed Duvessa
  3719 | D:5      | Killed Duvessa
  3991 | D:2      | Bought a +1 pair of gloves of dexterity for 214 gold pieces
  4434 | D:5      | Identified the +0 robe of Put Reta {Dex+6 Archmagi}
  4462 | D:5      | Reached XP level 9. HP: 55/55 MP: 17/19
  4636 | D:6      | Found a staircase to the Ecumenical Temple.
  4718 | Temple   | Entered the Ecumenical Temple
  4762 | Temple   | Became a worshipper of Kikubaaqudgha
  5155 | D:6      | Reached skill level 9 in Hexes
  5310 | D:6      | Found a blossoming altar of Fedhas.
  5386 | D:6      | Found a hide-covered altar of Uskayaw.
  5743 | D:6      | Noticed a moth of wrath
  5745 | D:6      | Found a bloodstained altar of Trog.
  6167 | D:6      | Reached * piety under Kikubaaqudgha
  6167 | D:6      | Received a gift from Kikubaaqudgha
  6173 | D:6      | Learned a level 4 spell: Anguish
  6395 | D:7      | Reached skill level 1 in Necromancy
  6449 | D:7      | Found a transporter.
  6465 | D:7      | Noticed DolGuldur's ghost (novice MeCA)
  6488 | D:7      | Found an iron altar of Okawaru.
  6525 | D:7      | Noticed Joseph
  6530 | D:7      | Killed Joseph
  6787 | D:7      | Noticed Pikel
  6793 | D:7      | Killed Pikel
  6794 | D:7      | Reached XP level 10. HP: 45/61 MP: 18/21
  7238 | D:7      | Found a transporter.
  7383 | D:7      | Reached skill level 10 in Hexes
  7834 | D:7      | Noticed a cyclops
  8478 | D:8      | Learned a level 2 spell: Call Imp
  8480 | D:8      | Noticed a deep elf pyromancer
  8772 | D:8      | Reached ** piety under Kikubaaqudgha
  8928 | D:8      | Found a radiant altar of Vehumet.
  9027 | D:8      | Found a snail-covered altar of Cheibriados.
  9276 | D:8      | Reached skill level 1 in Summonings
  9510 | D:8      | Noticed a centaur warrior
  9510 | D:8      | Noticed a deep elf pyromancer
  9518 | D:8      | Noticed a two-headed ogre
  9529 | D:8      | Killed a two-headed ogre
  9529 | D:8      | Shot with an arrow by a centaur warrior

Illustrated notes

Levels and vault maps discovered:
D:1:      scummos_arrival_simple_fountains, layout_basic,
          ebering_ecumenical_altar_rust
D:2:      layout_rooms, serial_shops, nicolae_shop_stone, lemuel_another_geyser
D:3:      layout_rooms, nicolae_overflow_ecumenical_swirl,
          hangedman_abyss_or_decor_stabs, grunt_ministairs_8,
          chequers_big_river, uniq_grinder, uniq_jessica
D:4:      layout_rooms, nicolae_overflow_crystal_walls, minmay_vboxes
D:5:      layout_rooms, amcnicky_altar_gilded, minmay_fractal_squares_gapless_5,
          uniq_duvessa, uniq_sigmund
D:6:      layout_basic, tgw_trog, lemuel_round_altar,
          fedhas_altar_decomposition, minmay_temple_entry_butterflies,
          kennysheep_cross_room
D:7:      layout_gridville, okawaru_gym_becter, gammafunk_ghost_stat_death,
          kennysheep_generic_room_4, uniq_pikel, uniq_joseph
D:8:      minmay_the_grid_octo_tiled_octocenter [minmay_the_grid_octo_empty,
          minmay_the_grid_octo_clover_2, minmay_the_grid_octo_pinwheel,
          minmay_the_grid_octo_77, minmay_the_grid_octo_prize_single_spiral,
          minmay_the_grid_square_5x5_half_checkered,
          minmay_the_grid_square_5x5_trominoes,
          minmay_the_grid_square_5x5_slash,
          minmay_the_grid_square_5x5_spiral_small], layout_layer_cave,
          mainiacjoe_overflow_cross_hatched, gammafunk_temple_overflow_elements,
          mainiacjoe_overflow_six_doors_small, grunt_ministairs_9,
          minmay_diced_spiral
Temple:   chequers_temple_sunken

Skill      XL: |  1  2  3  4  5  6  7  8  9 10 |
---------------+-------------------------------+-----
Stealth        | 3 6 7 8 |  8.4
Dodging        | 3 6 7 |  7.9
Fighting       | 1 5 6 |  6.8
Spellcasting   | 4 5 6 |  6.8
Earth Magic    | 4 7 8 9 |  9.0
Hexes          | 7 8 9 10 | 10.4
Necromancy     | 2 4 |  4.3
Summonings     | 1 |  1.0
Staves         | |  0.6
Transmutations | |  1.1

Action                   |  1- 3 |  4- 6 |  7- 9 | 10-12 || total
-------------------------+-------+-------+-------+-------++-------
Melee: Dagger            |     1 |       |       |       ||     1
       Quarterstaff      |       |     5 |    17 |    34 ||    56
 Cast: Sandblast         |    59 |    48 |   140 |    82 ||   329
       Passwall          |       |     2 |     2 |     8 ||    12
       Cause Fear        |       |       |     3 |     2 ||     5
       Stone Arrow       |       |       |     3 |     2 ||     5
       Anguish           |       |       |     2 |     4 ||     6
       Inner Flame       |       |       |       |     3 ||     3
       Call Imp          |       |       |       |     2 ||     2
  Use: Scroll            |     6 |     7 |     5 |     2 ||    20
       Potion            |       |     1 |     3 |     2 ||     6
 Stab: Sleeping          |       |       |     1 |       ||     1
Armor: Robe              |    15 |    13 |    41 |    31 ||   100
Dodge: Dodged            |    40 |    37 |   143 |   106 ||   326

Table legend: (Time is in decaauts)
 A = Elapsed time spent in this place.
 B = Non-inter-level travel time spent in this place.
 C = Inter-level travel time spent in this place.
 D = Time resting spent in this place.
 E = Time spent auto-exploring this place.
 F = Levels seen in this place.
 G = Mean time per level.
                   A        B        C        D        E       F      G
               +--------+--------+--------+--------+--------+-----+--------+
         Total |   9907 |   9642 |    265 |   3726 |   3724 |   9 | 1100.8 |
       Dungeon |   9840 |   9584 |    256 |   3726 |   3724 |   8 | 1230.0 |
        Temple |     67 |     58 |      9 |      0 |      0 |   1 |   67.0 |
               +--------+--------+--------+--------+--------+-----+--------+

Top non-repeatable levels by time:
     D:7: 2127 daAuts
     D:6: 1795 daAuts
     D:3: 1321 daAuts
     D:8: 1260 daAuts
     D:5: 1107 daAuts
     D:2: 861 daAuts
     D:4: 838 daAuts
     D:1: 528 daAuts
  Temple: 67 daAuts
